 Dungeon Crawl Stone Soup version 0.30-a0-799-g109b55a442 (webtiles) character file.

Game seed: 2786370108071427633

816420 teamwork the Annihilator (level 27, -22/197 HPs)
             Began as a Demonspawn Conjurer on Feb 20, 2023.
             Was the Champion of Vehumet.
             Killed from afar by Equeh the pandemonium lord (23 damage)
             ... with a crystal spear
             ... while petrified by Rilup
             ... on level 16 of a ziggurat.
             The game lasted 02:48:16 (78393 turns).

teamwork the Annihilator (Demonspawn Conjurer)     Turns: 78393, Time: 02:48:16

Health: -22/197    AC: 20    Str: 11    XL:     27
Magic:  0/50       EV:  2    Int: 48    God:    Vehumet [******]
Gold:   10204      SH:  0    Dex: 14    Spells: 18/72 levels left

rFire   + . .      SeeInvis +    w - staff of conjuration
rCold   + + .      Faith    .    Z - +1 buckler of Ygakh {Harm +Blink Will- Int+6}
rNeg    + + +      Spirit   +    d - +1 robe "Hero's Friend" {rF+ Regen+ rCorr Int+2 SInv}
rPois   ∞          Reflect  .    G - +3 crown of Dyrovepreva {rElec Int+2 SInv}
rElec   +          Harm     +    U - +1 cloak of Starlight {*Dazzle EV+4 Stlth--}
rCorr   +          Rampage  .    (gloves unavailable)
Will    ++...      Archmagi +    p - +3 pair of mountain boots {steadfast, rC+} Stlth
                                 y - amulet of Vitality {RegenMP++ Regen++}
HPRegen 2.92/turn                Y - ring of the Mage {Wiz Archmagi}
MPRegen 1.44/turn                T - ring of Utastiatic {rCorr Str+2 Int+2 SInv}

@: lich-form, petrified, slowed, studying 3 skills, silenced
A: draining attack, torment immunity, no potions, icemail 2, magic shield, magic
regeneration, magic link, big brain 3, condensation shield, corrupting presence
2, word of chaos, demonic touch 3, mutation resistance 1
}: 6/15 runes: barnacled, slimy, silver, golden, abyssal, gossamer
a: End Transformation, Renounce Religion, Evoke Blink


You were on level 16 of a ziggurat.
You worshipped Vehumet.
Vehumet was exalted by your worship.
You were an undead lich.
You visited 13 branches of the dungeon, and saw 59 of its levels.
You visited the Abyss 1 time.
You visited 1 ziggurat, and saw 16 of its levels.
You also visited: Trove, Sewer, Wizlab and Desolation.

You collected 14852 gold pieces.
You spent 4648 gold pieces at shops.

Inventory:

Hand Weapons
 b - a +3 short sword
Missiles
 D - 6 throwing nets
 M - 17 silver javelins
Armour
 d - the +1 robe "Hero's Friend" (worn) {rF+ Regen+ rCorr Int+2 SInv}
   (You found it on level 2 of the Depths)

   Int:       It affects your intelligence (+2).
   rF:        It protects you from fire.
   SInv:      It lets you see invisible.
   Regen:     It increases your rate of health regeneration.
   rCorr:     It protects you from acid and corrosion.
 p - the +3 pair of mountain boots (worn) {steadfast, rC+}
   (You acquired it on level 1 of the Elven Halls)

   Steadfast: It prevents involuntary movement, except for blinking,
   teleportation, or banishment.
   rC:        It protects you from cold.
 G - the +3 crown of Dyrovepreva (worn) {rElec Int+2 SInv}
   (You found it in the Desolation of Salt)

   Int:       It affects your intelligence (+2).
   rElec:     It insulates you from electricity.
   SInv:      It lets you see invisible.
 U - the +1 cloak of Starlight (worn) {*Dazzle EV+4 Stlth--}
   (You took it off a draconian annihilator on level 3 of the Realm of Zot)

   *Dazzle:   It may blind those who miss an attack against the wearer in melee
   combat.
   EV:        It affects your evasion (+4).
   Stlth:     It makes you much less stealthy.
 Z - the +1 buckler of Ygakh (worn) {Harm +Blink Will- Int+6}
   (You found it on level 5 of the Vaults)

   Int:       It affects your intelligence (+6).
   +Blink:    It lets you blink.
   Harm:      It increases damage dealt and taken.
   Will:      It decreases your willpower.
Magical Staves
 w - a staff of conjuration (weapon)
Jewellery
 s - the amulet "Piconuny" {*Slow rF++ Regen+ Str+5}
   (You found it on level 3 of the Crypt)

   [amulet of regeneration]

   Str:       It affects your strength (+5).
   rF:        It greatly protects you from fire.
   Regen:     It increases your rate of health regeneration.
   *Slow:     It may slow you when you take damage.
 y - the amulet of Vitality (around neck) {RegenMP++ Regen++}
   (You found it on level 7 of a ziggurat)

   [amulet of magic regeneration]

   It increases your rate of magic regeneration.
   Regen:     It increases your rate of health regeneration.
 N - the amulet of Weroje {Regen+ MP-9 Int+5}
   (You found it on level 12 of a ziggurat)

   [amulet of regeneration]

   Int:       It affects your intelligence (+5).
   MP:        It affects your magic capacity (-9).
   Regen:     It increases your rate of health regeneration.
 T - the ring of Utastiatic (right hand) {rCorr Str+2 Int+2 SInv}
   (You found it in a treasure trove)

   [ring of resist corrosion]

   Str:       It affects your strength (+2).
   Int:       It affects your intelligence (+2).
   SInv:      It lets you see invisible.
   rCorr:     It protects you from acid and corrosion.
 V - the amulet of Cama {RegenMP rElec Regen+ Int-2 Dex+6 Slay+3}
   (You found it in a treasure trove)

   [amulet of magic regeneration]

   It increases your rate of magic regeneration.
   Int:       It affects your intelligence (-2).
   Dex:       It affects your dexterity (+6).
   Slay:      It affects your accuracy & damage with ranged weapons and melee
   (+3).
   rElec:     It insulates you from electricity.
   Regen:     It increases your rate of health regeneration.
 Y - the ring of the Mage (left hand) {Wiz Archmagi}
   (You found it on level 3 of the Tomb of the Ancients)

   [ring of wizardry]

   It improves your spell success rate.
   Archmagi:  It increases the power of your magical spells.
Wands
 a - a wand of paralysis (44) (quivered)
 t - a wand of polymorph (14)
 H - a wand of light (5)
 Q - a wand of digging (13)
Scrolls
 f - 3 scrolls of torment
 g - 7 scrolls of vulnerability
 o - 5 scrolls of blinking
 q - 8 scrolls of amnesia
 r - 28 scrolls of teleportation
 u - 15 scrolls of poison
 v - 11 scrolls of magic mapping
 x - 18 scrolls of fog
 z - 8 scrolls of enchant weapon
 A - 11 scrolls of enchant armour
 B - 11 scrolls of fear
 C - 4 scrolls of summoning
 O - 2 scrolls of brand weapon
 X - a scroll of silence
Potions
 c - 4 potions of haste
 e - 20 potions of curing
 h - 10 potions of lignification
 i - 11 potions of brilliance
 j - a potion of magic
 k - 11 potions of attraction
 l - 8 potions of cancellation
 m - 3 potions of invisibility
 n - 8 potions of might
 I - 14 potions of flight
 J - 10 potions of mutation
 K - 4 potions of berserk rage
 L - 6 potions of resistance
 P - 5 potions of ambrosia
 W - 18 potions of heal wounds
Miscellaneous
 E - a figurine of a ziggurat


   Skills:
 - Level 12.0 Fighting
 - Level 10.0 Throwing
 - Level 12.0 Armour
 - Level 12.0 Dodging
 - Level 1.7 Stealth
 - Level 5.0 Shields
 - Level 23.0 Spellcasting
 O Level 27 Conjurations
 + Level 16.5 Necromancy
 - Level 12.0 Transmutations
 - Level 18.0 Fire Magic
 - Level 18.0 Air Magic
 - Level 18.0 Earth Magic
 - Level 12.0 Evocations


You had 18 spell levels left.
You knew the following spells:

 Your Spells              Type           Power      Damage    Failure   Level
a - Lehudib's Crystal Sp  Conj/Erth      93%        10d20     1%          8
b - Chain Lightning       Conj/Air       93%        3d124     1%          9
c - Ignition              Fire           74%        3d19      1%          8
d - Fire Storm            Conj/Fire      93%        8d23      1%          9
e - Maxwell's Capacitive  Air            74%        ∞         1%          8
n - Necromutation         Tmut/Necr      81%        N/A       1%          8
p - Passage of Golubria   Tloc           70%        N/A       1%          4

Your spell library contained the following spells:

 Spells                   Type           Power      Damage    Failure   Level
 Foxfire                  Conj/Fire      100%       2x1d9     0%          1
 Kiss of Death            Conj/Necr      100%       2d13      0%          1
 Magic Dart               Conj           100%       1d8       0%          1
 Necrotise                Necr           100%       1d9       0%          1
 Sandblast                Erth           100%       2d20      0%          1
 Shock                    Conj/Air       100%       1d9       0%          1
 Cigotuvi's Dreadful Rot  Necr/Pois/Air  100%       N/A       0%          2
 Passwall                 Tmut/Erth      100%       N/A       0%          2
 Poisonous Vapours        Pois/Air       100%       N/A       0%          2
 Scorch                   Fire           100%       2d10      0%          2
 Searing Ray              Conj           100%       2d8       0%          2
 Sublimation of Blood     Necr           100%       N/A       0%          2
 Wereblood                Tmut           100%       N/A       0%          2
 Dazzling Flash           Conj/Hex       100%       N/A       0%          3
 Hailstorm                Conj/Ice       100%       3d20      0%          3
 Ignite Poison            Fire/Tmut/Pois 100%       N/A       0%          3
 Kindle Blastsparks       Fire/Tloc/Air  100%       2d18      0%          3
 Stone Arrow              Conj/Erth      100%       3d13      0%          3
 Swiftness                Air            100%       N/A       0%          3
 Vampiric Draining        Necr           100%       2d13      0%          3
 Airstrike                Air            74%        2d(11-27) 0%          4
 Animate Dead             Necr           100%       N/A       0%          4
 Dispel Undead            Necr           100%       3d31      0%          4
 Flame Wave               Conj/Fire      100%       2d21      0%          4
 Fulminant Prism          Conj/Hex       80%        3d33      0%          4
 Iskenderun's Mystic Bla  Conj/Tloc      100%       2d19      0%          4
 Petrify                  Tmut/Erth      100%       N/A       0%          4
 Sticky Flame             Conj/Fire      100%       2d11      0%          4
 Agony                    Necr           100%       N/A       0%          5
 Arcjolt                  Conj/Air       93%        1d103     0%          5
 Borgnjor's Vile Clutch   Necr/Erth      86%        N/A       0%          5
 Fireball                 Conj/Fire      93%        3d34      0%          5
 Freezing Cloud           Conj/Ice/Air   82%        6-21      0%          5
 Irradiate                Conj/Tmut      89%        3d41      0%          5
 Iskenderun's Battlesphe  Conj           100%       2d15      0%          5
 Lee's Rapid Deconstruct  Erth           74%        3d33*     0%          5
 Lightning Bolt           Conj/Air       93%        1d122     0%          5
 Conjure Ball Lightning   Conj/Air       93%        3x3d36    0%          6
 Iron Shot                Conj/Erth      93%        9d17      0%          6
 Starburst                Conj/Fire      93%        6d23      0%          6
 Orb of Destruction       Conj           98%        9d21      0%          7
 Apportation              Tloc           100%       N/A       1%          1
 Freeze                   Ice            100%       1d10      1%          1
 Slow                     Hex            100%       N/A       1%          1
 Sting                    Tmut/Pois      100%       1d8       1%          1
 Summon Small Mammal      Summ           100%       N/A       1%          1
 Blink                    Tloc           100%       N/A       1%          2
 Call Imp                 Summ           70%        N/A       1%          2
 Ensorcelled Hibernation  Hex/Ice        100%       N/A       1%          2
 Lesser Beckoning         Tloc           100%       N/A       1%          2
 Call Canine Familiar     Summ           70%        N/A       1%          3
 Confusing Touch          Hex            70%        N/A       1%          3
 Frozen Ramparts          Ice            100%       1d16      1%          3
 Gell's Gravitas          Tloc           70%        N/A       1%          3
 Inner Flame              Hex/Fire       100%       N/A       1%          3
 Ozocubu's Armour         Ice            70%        N/A       1%          3
 Portal Projectile        Hex/Tloc       100%       N/A       1%          3
 Spider Form              Tmut/Pois      100%       N/A       1%          3
 Summon Guardian Golem    Hex/Summ       70%        N/A       1%          3
 Teleport Other           Tloc           70%        N/A       1%          3
 Tukima's Dance           Hex            70%        N/A       1%          3
 Anguish                  Hex/Necr       70%        N/A       1%          4
 Animate Armour           Summ/Erth      100%       N/A       1%          4
 Cause Fear               Hex            35%        N/A       1%          4
 Ice Form                 Ice/Tmut       100%       N/A       1%          4
 Manifold Assault         Tloc           70%        N/A       1%          4
 Olgreb's Toxic Radiance  Pois           70%        N/A       1%          4
 Summon Ice Beast         Ice/Summ       70%        N/A       1%          4
 Summon Lightning Spire   Summ/Air       100%       N/A       1%          4
 Alistair's Intoxication  Tmut/Pois      70%        N/A       1%          5
 Blade Hands              Tmut           65%        N/A       1%          5
 Silence                  Hex/Air        59%        N/A       1%          5
 Yara's Violent Unravell  Hex/Tmut       53%        3d20      1%          5
 Death Channel            Necr           85%        N/A       1%          6
 Eringya's Noxious Bog    Tmut/Pois      53%        N/A       1%          6
 Simulacrum               Ice/Necr       70%        N/A       1%          6
 Statue Form              Tmut/Erth      93%        N/A       1%          6
 Dragon Form              Tmut           65%        N/A       1%          7
 Spellforged Servitor     Conj/Summ      80%        N/A       1%          7
 Storm Form               Tmut/Air       70%        N/A       1%          7
 Borgnjor's Revivificati  Necr           85%        N/A       1%          8
 Infestation              Necr           85%        N/A       1%          8
 Summon Forest            Summ/Tloc      35%        N/A       2%          5
 Summon Mana Viper        Hex/Summ       70%        N/A       2%          5
 Haunt                    Necr/Summ      70%        N/A       2%          7
 Shatter                  Erth           74%        3d54*     2%          9
 Death's Door             Necr           85%        N/A       11%         9
 Dispersal                Tloc           35%        N/A       13%         6
 Summon Cactus Giant      Summ           35%        N/A       13%         6
 Ozocubu's Refrigeration  Ice            35%        4d15      28%         7
 Enfeeble                 Hex            35%        N/A       54%         7
 Monstrous Menagerie      Summ           35%        N/A       54%         7
 Summon Hydra             Summ           35%        N/A       54%         7
 Discord                  Hex            35%        N/A       99%         8
 Disjunction              Tloc           35%        N/A       99%         8
 Summon Horrible Things   Summ           35%        N/A       99%         8
 Dragon's Call            Summ           35%        N/A       100%        9
 Polar Vortex             Ice            35%        N/A       100%        9


Dungeon Overview and Level Annotations

Branches:
Dungeon (15/15)            Temple (1/1) D:5            Lair (5/5) D:9
 Shoals (4/4) Lair:3       Spider (4/4) Lair:3        Slime (5/5) Lair:4
    Orc (2/2) D:12            Elf (3/3) Orc:2        Vaults (5/5) D:14
  Crypt (3/3) Vaults:2       Tomb (3/3) Crypt:3      Depths (4/4) D:15
    Zot (5/5) Depths:4      Sewer (visited)          WizLab (visited)
Desolation (visited)

Altars:
Ashenzari
Cheibriados
Dithmenos
Fedhas
Gozag
Hepliaklqana
Kikubaaqudgha
Makhleb
Nemelex Xobeh
Okawaru
Qazlal
Ru
Sif Muna
Trog
Uskayaw
Vehumet
Wu Jian
Xom
Yredelemnul
Jiyva

Shops:
D:2 :   D:3 *   D:6 *   D:9 :   Orc:2 [*=(   Elf:1 [?   Elf:3 =   Vaults:2 *
Vaults:4 (   Vaults:5 !!=(?   Depths:1 *[[*

Portals:
Hell: Depths:1 Depths:2 Depths:3 Depths:4
Abyss: Depths:3 Depths:4
Pandemonium: Depths:2 Depths:4


Innate Abilities, Weirdness & Mutations

You are an undead lich.
Your unarmed attacks are suffused with negative energy.
You are immune to unholy pain and torment.
Your necromantic spells are more powerful.
You cannot drink.
You are immune to poison.
A meltable icy envelope protects you from harm. (AC +0)
When hurt, damage is shared between your health and your magic reserves.
You regenerate magic rapidly.
When low on magic, you restore magic in place of health.
You have an absolutely massive brain. (Int +6, Wiz)
A meltable shield of frost defends you. (SH +0)
Your presence sometimes corrodes or deforms those you injure.
You can speak a Word of Chaos.
Your touch may irresistibly damage your foes and sap their willpower.
You are somewhat resistant to further mutation.


Message History

Equeh gestures at you. The crystal spear hits you!!! Rilup gestures at you.
The bolt of energy hits you!!
A chaos spawn comes into view.
The hell beast bites you but does no damage.
The hell beast tramples you but does no damage.
Kythreenn stings you! Hienun hits you!!!
* * * LOW HITPOINT WARNING * * *
The lorocyproca is engulfed in blazing flames.
Equeh gestures at you. The crystal spear hits you!!!!
* * * LOW HITPOINT WARNING * * *
Okhaj comes into view.
Rilup hits you!
* * * LOW HITPOINT WARNING * * *
Kythreenn stings you but does no damage.
The hell beast bites you but does no damage.
The hell beast tramples you but does no damage.
Equeh tentacle-slaps you!
* * * LOW HITPOINT WARNING * * *
Soinoen engulfs you.
* * * LOW HITPOINT WARNING * * *
Hienun hits you!
* * * LOW HITPOINT WARNING * * *
Hyxunk comes into view.
Kythreenn stings you but does no damage.
The hell beast bites you!!
* * * LOW HITPOINT WARNING * * *
The hell beast tramples you.
Your boots keep you from being knocked back.
You hold your ground!
The lorocyproca is engulfed in blazing flames.
You are engulfed in blazing flames.
You resist.
Your icy defences dissipate!
* * * LOW HITPOINT WARNING * * *
Hienun is no longer covered in acid.
Equeh gestures at you. The crystal spear hits you!!!
You die...

▓▓▓▓▓...........▓▓▓▓▓▓▓▓▓
........................▓
........................▓
....4...................▓
!†☼°....................▓
|..&.°..................▓
"&..○.○○1..............∩▓
).......22&.............▓
?)..&..&&&L&............▓
..&.....°&&.............▓
........§°°.............▓
........................▓
▓▓▓▓▓...........▓▓▓▓▓▓▓▓▓
▓...........▓
▓...........▓
▓...........▓


You could see Equeh (fast, unsilenced), Hienun (invisible, unsilenced), Hyxunk,
Kythreenn (unsilenced, misshapen), Okhaj, Pajicvayfo (clouds), Rilup
(unsilenced, misshapen), Soinoen (silencing, unsilenced), Tusohot (invisible,
unsilenced), an Ice Fiend (summoned, unsilenced), a hell beast (summoned), a
lorocyproca (summoned, invisible) and a chaos spawn.

Vanquished Creatures
  the Royal Jelly (Slime:5)
  4 dread liches
  3 orbs of fire
  7 ancient liches
  Mennas (Vaults:4)
  2 pandemonium lords
  Mara (Spider:4)
  5 juggernauts
  31 royal mummies
  Josephina (Depths:3)
  Boris (twice) (Crypt:3 Depths:1)
  The ghost of Zogul the Impregnable, a veteran MiGl of Hepliaklqana (Crypt:3)
  Vv (Crypt:3)
  Parghit (Depths:3)
  Bai Suzhen (Vaults:3)
  10 Killer Klowns
  Margery (Crypt:2)
  Saint Roka (Depths:3)
  2 curse toes
  12 golden dragons
  2 caustic shrikes
  3 bone dragons
  A Tzitzimitl (Zig:5)
  6 electric golems
  The ghost of Zenkrye the Tortoise, an adept HuCA of Ignis (Depths:3)
  3 hellephants
  A shard shrike zombie (Crypt:2)
  A shard shrike skeleton (Crypt:1)
  20 tentacled monstrosities
  2 titans (Vaults:5)
  25 Orb Guardians (Zot:5)
  8 liches
  4 quicksilver dragons
  7 deep elf blademasters
  6 deep elf master archers
  6 sphinxes
  2 Executioners (Zig:6)
  22 acid blobs
  Polyphemus (Shoals:3)
  2 tentacled starspawn
  10 shadow dragons
  Agnes (D:15)
  A kraken (Shoals:3)
  6 death cobs
  11 ancient champions
  2 thorn hunters (WizLab)
  Frances (D:13)
  Donald (Orc:2)
  12 tengu reavers
  21 storm dragons
  The ghost of Zonian the Warrior, an adept VSBr of Uskayaw (Shoals:3)
  3 revenants
  13 azure jellies
  10 draconian monks
  3 fenstrider witches (WizLab)
  Ilsuiw (Shoals:2)
  10 frost giants
  6 rockslimes
  A fenstrider witch (shapeshifter) (Zig:16)
  A nargun (Zig:1)
  2 iron dragons
  8 emperor scorpions
  7 deep elf sorcerers
  14 fire giants
  6 draconian knights
  A ghost moth (shapeshifter) (Vaults:5)
  2 juggernaut zombies
  14 vault wardens
  8 draconian scorchers
  7 draconian stormcallers
  3 imperial myrmidons (Desolation)
  9 ghost moths
  10 orc warlords
  10 draconian shifters
  4 curse skulls
  2 broodmothers
  9 ghouls
  11 quicksilver oozes
  7 draconian annihilators
  10 ironbound preservers
  2 deep elf elementalists (Elf:3)
  A spriggan defender (Depths:3)
  A cacodemon (Abyss:3)
  3 reapers
  2 caustic shrike skeletons
  A juggernaut skeleton (Crypt:3)
  3 war gargoyles
  13 green draconians
  28 very ugly things
  A rockslime zombie (Crypt:3)
  5 ironbound thunderhulks
  8 vampire knights
  16 stone giants
  3 deep elf demonologists (Vaults:5)
  An eleionoma (WizLab)
  A demonspawn black sun (Zig:6)
  16 red draconians
  10 spark wasps
  10 bennus
  12 black draconians
  8 deep elf annihilators
  13 dire elephants
  15 yellow draconians
  2 halazid warlocks (Desolation)
  13 purple draconians
  12 white draconians
  6 eidola
  18 ettins
  A blizzard demon (Zig:8)
  22 mummy priests
  11 deep elf death magi
  14 fire dragons
  4 shambling mangroves
  15 merfolk javelineers
  A green death (Zig:6)
  13 merfolk impalers
  17 yaktaur captains
  A deep elf high priest (Elf:1)
  5 ragged hierophants (Desolation)
  9 crystal guardians
  6 jiangshi
  3 spriggan zombies
  9 entropy weavers
  7 great orbs of eyes
  A fenstrider witch zombie (Crypt:3)
  10 hydras
  3 rakshasas
  A hell beast (Zig:5)
  5 servants of whispers (Desolation)
  7 ice dragons
  9 peacekeepers
  A caustic shrike simulacrum (Abyss:3)
  Erolcha (D:9)
  5 ironbound frosthearts
  A jorogumo (Spider:3)
  33 vault guards
  7 merfolk avatars
  6 radroaches
  4 catoblepae
  4 death knights
  A spriggan skeleton (Crypt:3)
  8 two-headed ogres
  11 boulder beetles
  2 spriggan air magi (Depths:3)
  An alligator (shapeshifter) (Elf:3)
  17 centaur warriors
  2 ogre magi
  23 dancing weapons
  13 merfolk aquamancers
  11 tengu warriors
  A two-headed ogre (shapeshifter) (D:13)
  3 alligators (Shoals:4)
  5 deep troll earth magi
  2 satyrs
  2 deep troll shamans
  8 hell hogs (Depths:1)
  4 alligator snapping turtles
  4 spriggan berserkers
  12 orc high priests
  93 death scarabs
  12 hell knights
  5 death yaks
  8 large abominations (Abyss:3)
  Sonja (D:13)
  4 naga sharpshooters (WizLab)
  4 thrashing horrors
  8 vampire magi
  15 deep elf knights
  A titan skeleton (Crypt:3)
  Nergalle (Lair:1)
  22 skeletal warriors
  A fire crab (shapeshifter) (Vaults:5)
  7 soul eaters
  3 wretched stars
  4 sixfirhies
  A shadow wraith (Abyss:3)
  6 pharaoh ants
  Lodul (D:14)
  A sun moth (Spider:2)
  A skyshark (shapeshifter) (D:14)
  5 skysharks
  A swamp dragon (Zig:3)
  7 iron trolls
  A spriggan druid (Zig:3)
  12 sea snakes
  A shadow demon (Abyss:1)
  A spatial maelstrom (Zig:8)
  34 deep trolls
  A glowing orange brain (Vaults:4)
  13 orb spiders
  A death drake (Abyss:3)
  12 deep elf archers
  An obsidian statue (Zig:10)
  6 steelbarb worms
  A swamp dragon (shapeshifter) (Zig:16)
  Pikel (D:7)
  3 flayed ghosts
  14 lindwurms
  2 bog bodies (Crypt:1)
  6 starcursed masses
  20 orc knights
  2 orange crystal statues
  29 ironbound convokers
  15 phantasmal warriors
  8 necromancers
  9 wizards
  18 deep elf zephyrmancers
  A wolf spider (shapeshifter) (Zig:2)
  14 fauns
  10 shining eyes
  30 deep elf pyromancers
  3 oklob plants
  49 ugly things
  A sphinx zombie (Depths:3)
  7 orc sorcerers
  29 harpies
  19 manticores
  31 wolf spiders
  A frost giant zombie (Crypt:2)
  The ghost of Dittersdorf the Shield-Bearer, a novice GrFi of Okawaru (D:6)
  A tengu skeleton (Zig:11)
  A shadow dragon skeleton (Depths:3)
  24 cyclopes
  33 moths of wrath
  2 will-o-the-wisps
  Maurice (D:11)
  A rust devil (Abyss:3)
  An iron dragon skeleton (Crypt:1)
  9 elephants
  A stone giant skeleton (Crypt:1)
  An elephant (shapeshifter) (Depths:3)
  A dire elephant zombie (Abyss:3)
  14 merfolk sirens
  5 black mambas
  16 water nymphs
  3 guardian serpents (Desolation)
  2 apocalypse crabs
  An ice statue (Zig:10)
  6 gargoyles
  3 eyes of devastation (Slime:4)
  13 vault sentinels
  A cane toad (shapeshifter) (Depths:2)
  13 cane toads
  6 smoke demons
  9 demonic crawlers
  A spectral sea snake (Shoals:3)
  A titan simulacrum (Depths:3)
  A centaur skeleton (Crypt:1)
  12 torpor snails
  2 hellions
  4 rime drakes
  4 tengu conjurers
  7 komodo dragons
  An anaconda simulacrum (Crypt:1)
  An unseen horror (shapeshifter) (D:15)
  A death yak skeleton (Crypt:3)
  3 spectral merfolk (Shoals:3)
  A komodo dragon (shapeshifter) (D:13)
  A sea snake skeleton (Crypt:2)
  35 yaktaurs
  2 efreet
  7 freezing wraiths
  A spark wasp simulacrum (Depths:3)
  3 ice devils
  52 guardian mummies
  7 meliai
  A red devil (Depths:4)
  3 ancient zymes (Abyss:3)
  An iron troll skeleton (Crypt:3)
  69 merfolk
  9 catoblepas skeletons (Abyss:3)
  15 hornets
  4 hellwings (Depths:4)
  A harpy zombie (Crypt:3)
  10 wind drakes
  A hornet (shapeshifter) (Abyss:3)
  11 trolls
  5 polar bears
  27 tarantellas
  A shadow dragon simulacrum (Depths:3)
  A polar bear (shapeshifter) (Vaults:5)
  A spectral manticore (Shoals:3)
  13 raiju (Abyss:3)
  49 saltlings (Desolation)
  19 snapping turtles
  An iron dragon simulacrum (Depths:3)
  A radroach zombie (Crypt:1)
  8 dream sheep
  A jumping spider (shapeshifter) (Elf:3)
  98 slime creatures
  28 culicivoras
  3 air elementals
  28 jumping spiders
  A culicivora (shapeshifter) (Vaults:5)
  A shadow (D:12)
  An ice dragon skeleton (Crypt:1)
  40 flying skulls
  3 vampires
  3 wyverns
  2 ettin skeletons
  16 spriggans
  23 water elementals
  5 ynoxinuls
  2 fire elementals
  A black mamba skeleton (Crypt:3)
  10 wraiths
  14 ushabtiu
  20 yaks
  63 redbacks
  8 golden eyes
  A catoblepas simulacrum (Crypt:1)
  2 chaos spawn
  16 vampire mosquitoes
  A wind drake skeleton (Crypt:3)
  3 basilisks
  4 neqoxecs
  A sea snake simulacrum (Shoals:3)
  A warg (shapeshifter) (Depths:2)
  9 small abominations
  4 wargs
  A glowing shapeshifter zombie (Crypt:1)
  A naga zombie (Crypt:3)
  An acid dragon (D:9)
  Duvessa (D:7)
  19 water moccasins
  A floating eye (shapeshifter) (Elf:3)
  2 floating eyes
  A fire bat skeleton (Crypt:1)
  A swamp drake (shapeshifter) (Abyss:3)
  A naga skeleton (Crypt:1)
  2 spectral snapping turtles (Shoals:3)
  A manticore zombie (Crypt:3)
  A swamp dragon zombie (Crypt:1)
  2 sky beasts (D:8)
  7 black bears
  71 orc warriors
  25 ogres
  24 wolves
  5 boggarts
  5 centaurs
  4 phantoms
  A lemure (D:7)
  2 kobold brigands (Sewer)
  10 earth elementals
  5 necrophages
  9 bullfrogs
  A gnoll sergeant (D:13)
  A komodo dragon skeleton (Crypt:2)
  A scorpion (D:5)
  5 wights (D:9)
  Dowan (D:7)
  A snapping turtle simulacrum (Shoals:3)
  3 killer bees (D:8)
  3 merfolk simulacra (Shoals:3)
  A troll skeleton (Crypt:3)
  2 jellies (Lair:4)
  An electric eel (D:14)
  A howler monkey (shapeshifter) (D:14)
  14 howler monkeys
  2 black bear zombies
  2 hounds (D:4)
  A gnoll bouda (D:5)
  19 orc priests
  A bullfrog skeleton (D:4)
  4 iron imps
  4 iguanas
  27 orc wizards
  A scorpion zombie (D:4)
  Natasha (thrice) (D:2)
  2 hell rats (Zig:12)
  Terence (D:2)
  49 mummies
  A howler monkey zombie (Crypt:1)
  10 gnolls
  12 adders
  2 shadow imps
  4 white imps
  5 ufetubi
  An adder skeleton (D:4)
  2 adder zombies (D:4)
  A lava snake skeleton (Crypt:1)
  2 dart slugs
  107 orcs
  7 ball pythons
  4 bats
  5 endoplasms
  8 giant cockroaches
  6 goblins
  2 hobgoblins (D:1)
  17 jackals
  3 quokkas (D:5)
  8 frilled lizards
  A hobgoblin skeleton (Crypt:2)
  5 kobolds
  4 rats
  10 bushes
  A lurking horror (Abyss:3)
  2 starspawn tentacles (Abyss:3)
3242 creatures vanquished.

Vanquished Creatures (collateral kills)
  Khufu (Crypt:3)
  A royal mummy (Tomb:3)
  A deep elf blademaster (Elf:2)
  An ancient champion (Crypt:1)
  A draconian knight (Zot:3)
  Aizul (Vaults:3)
  A ghoul (Crypt:1)
  3 very ugly things
  A stone giant (Depths:4)
  An ironbound thunderhulk (Vaults:4)
  A vampire knight (Crypt:2)
  2 green draconians (Zot:4)
  2 yellow draconians
  2 dire elephants
  A purple draconian (Zot:3)
  A white draconian (Zot:3)
  A deep elf death mage (Crypt:3)
  2 ragged hierophants (Desolation)
  A great orb of eyes (Vaults:3)
  A vault guard (Vaults:1)
  2 servants of whispers (Desolation)
  An alligator snapping turtle (Zig:15)
  A fenstrider witch skeleton (Tomb:1)
  8 death scarabs
  A vampire mage (Crypt:3)
  An obsidian statue (Zig:10)
  An ironbound convoker (Vaults:3)
  A lindwurm (Vaults:2)
  A deep elf pyromancer (Elf:2)
  An eye of devastation (Slime:4)
  A yaktaur (Vaults:5)
  A freezing wraith (Crypt:1)
  An iron troll zombie (Crypt:2)
  A tengu conjurer (Depths:3)
  8 saltlings (Desolation)
  A flying skull (Crypt:2)
  A water elemental (Depths:4)
  A golden eye (Slime:2)
  3 orc warriors
  A necrophage (Crypt:3)
  A shapeshifter zombie (Crypt:1)
  14 mummies
  An adder skeleton (Crypt:2)
  A dart slug (shapeshifter) (Depths:2)
  An orc (Depths:3)
  A quokka skeleton (Crypt:1)
  A river rat skeleton (Crypt:3)
83 creatures vanquished.

Vanquished Creatures (others)
  A steelbarb worm (Spider:4)
  A chaos spawn (Zig:16)
  An orc wizard (D:11)
  A bush (WizLab)
  943 fire vortices
  37 fungi
  A lurking horror (Abyss:3)
  175 plants
  4 tentacles (Shoals:3)
1164 creatures vanquished.

Grand Total: 4489 creatures vanquished

Notes
Turn   | Place    | Note
-------+----------+-------------------------------------------
     0 | D:1      | teamwork the Demonspawn Conjurer began the quest for the
                  | Orb.
     0 | D:1      | Reached XP level 1. HP: 13/13 MP: 3/3
   362 | D:1      | Gained mutation: You have an unusually large brain. (Int
                  | +2) [demonic ancestry]
   362 | D:1      | Reached XP level 2. HP: 12/19 MP: 1/5
   370 | D:1      | Learned a level 2 spell: Searing Ray
  1391 | D:2      | Reached XP level 3. HP: 23/24 MP: 1/7
  1473 | D:2      | Noticed Terence
  1502 | D:2      | Killed Terence
  1582 | D:2      | Noticed Natasha
  1584 | D:2      | Killed Natasha
  1585 | D:2      | Reached skill level 5 in Conjurations
  1585 | D:2      | Gained mutation: Your touch may inflict minor irresistible
                  | damage on your foes. [demonic ancestry]
  1585 | D:2      | Reached XP level 4. HP: 30/30 MP: 4/8
  1950 | D:2      | Found Yresel's Book Boutique.
  2080 | D:2      | Noticed Natasha
  2086 | D:2      | Killed Natasha
  2099 | D:2      | Noticed Natasha
  2108 | D:2      | Killed Natasha
  2109 | D:2      | Reached XP level 5. HP: 21/35 MP: 1/10
  2217 | D:2      | Learned a level 5 spell: Fireball
  2236 | D:3      | Found Tudekhlu's Assorted Antiques.
  2582 | D:3      | Found a faded altar of an unknown god.
  2789 | D:3      | Bought a dented sapphire amulet for 110 gold pieces
  2900 | D:4      | Reached skill level 1 in Fire Magic
  3403 | D:4      | Noticed a phantom
  3413 | D:4      | Killed a phantom
  3414 | D:4      | Reached XP level 6. HP: 35/41 MP: 3/12
  4307 | D:5      | Entered Level 5 of the Dungeon
  4564 | D:5      | Reached skill level 6 in Conjurations
  4564 | D:5      | Reached XP level 7. HP: 43/46 MP: 2/13
  4932 | D:5      | Found a glowing drain.
  4952 | Sewer    | Entered a sewer
  6137 | D:5      | Reached skill level 5 in Spellcasting
  6160 | D:5      | Gained mutation: You regenerate magic rapidly. [demonic
                  | ancestry]
  6160 | D:5      | Reached XP level 8. HP: 52/52 MP: 11/15
  6164 | D:5      | Reached skill level 5 in Fire Magic
  6756 | D:5      | Found a staircase to the Ecumenical Temple.
  6765 | D:5      | Reached skill level 7 in Conjurations
  6772 | Temple   | Entered the Ecumenical Temple
  6852 | Temple   | Became a worshipper of Vehumet
  7164 | D:6      | Found a runed translucent gate.
  7164 | D:6      | Found a runed translucent gate.
  7164 | D:6      | Found a runed translucent gate.
  7329 | D:6      | Found Qeanipt's Serpentskin Sales.
  7556 | D:6      | Noticed Dittersdorf's ghost (novice GrFi)
  8083 | D:7      | Reached * piety under Vehumet
  8083 | D:7      | Offered knowledge of Sandblast by Vehumet.
  8216 | D:7      | Found a bloodstained altar of Trog.
  8465 | D:7      | Noticed Duvessa
  8468 | D:7      | Noticed Dowan
  8470 | D:7      | Gained mutation: When hurt, damage is shared between your
                  | health and your magic reserves. [demonic ancestry]
  8470 | D:7      | Reached XP level 9. HP: 57/57 MP: 18/18
  8473 | D:7      | Killed Duvessa
  8474 | D:7      | Killed Dowan
  9034 | D:7      | Noticed Pikel
  9039 | D:7      | Killed Pikel
  9040 | D:7      | Reached skill level 8 in Conjurations
  9907 | D:8      | Noticed a two-headed ogre
  9913 | D:8      | Killed a two-headed ogre
  9914 | D:8      | Gained mutation: Your touch may inflict irresistible damage
                  | on your foes. [demonic ancestry]
  9914 | D:8      | Reached XP level 10. HP: 39/63 MP: 8/21
 10235 | D:9      | Reached skill level 9 in Conjurations
 10377 | D:9      | Found Fohukof's Vocational Training.
 10439 | D:9      | Found a staircase to the Lair.
 10690 | D:9      | Noticed a two-headed ogre
 10694 | D:9      | Killed a two-headed ogre
 10858 | D:9      | Noticed Erolcha
 10863 | D:9      | Killed Erolcha
 10863 | D:9      | Offered knowledge of Scorch by Vehumet.
 10864 | D:9      | Reached ** piety under Vehumet
 11085 | D:10     | Entered Level 10 of the Dungeon
 11086 | D:10     | Noticed a two-headed ogre
 11092 | D:10     | Killed a two-headed ogre
 11093 | D:10     | Reached skill level 10 in Conjurations
 11093 | D:10     | Noticed a two-headed ogre
 11110 | D:10     | Killed a two-headed ogre
 11201 | D:10     | Noticed a two-headed ogre
 11206 | D:10     | Killed a two-headed ogre
 11207 | D:10     | Gained mutation: A meltable shield of frost defends you.
                  | (SH +0) [demonic ancestry]
 11207 | D:10     | Reached XP level 11. HP: 68/68 MP: 15/24
 11262 | D:10     | Reached skill level 10 in Fire Magic
 11307 | D:10     | Identified the +1 long sword "Esusmio" {flame, rF+ rC+}
 11600 | D:10     | Found a burning altar of Makhleb.
 11686 | D:11     | Noticed a boulder beetle
 11882 | D:11     | Noticed a boulder beetle
 12148 | D:10     | Killed a boulder beetle
 12156 | D:11     | Offered knowledge of Inner Flame by Vehumet.
 12158 | D:11     | Noticed Maurice
 12234 | D:11     | Noticed a purple ugly thing
 12401 | D:10     | Killed a purple ugly thing
 12470 | D:11     | Paralysed by Maurice for 4 turns
 12479 | D:11     | Killed a boulder beetle
 12480 | D:11     | Reached skill level 11 in Conjurations
 12481 | D:11     | Paralysed by Maurice for 5 turns
 12489 | D:11     | Killed Maurice
 12489 | D:11     | Reached *** piety under Vehumet
 12490 | D:11     | Reached skill level 10 in Spellcasting
 12844 | D:11     | Noticed a two-headed ogre
 12846 | D:11     | Killed a two-headed ogre
 13058 | Lair:1   | Entered Level 1 of the Lair of Beasts
 13058 | Lair:1   | Noticed an oklob plant
 13061 | Lair:1   | Killed an oklob plant
 13152 | Lair:1   | Reached skill level 1 in Fighting
 13200 | Lair:1   | Offered knowledge of Kindle Blastsparks by Vehumet.
 13221 | Lair:1   | Noticed a catoblepas
 13222 | Lair:1   | Noticed Nergalle
 13232 | Lair:1   | Killed a catoblepas
 13233 | Lair:1   | Gained mutation: Your touch may irresistibly damage your
                  | foes and sap their willpower. [demonic ancestry]
 13233 | Lair:1   | Reached XP level 12. HP: 74/78 MP: 9/27
 13233 | Lair:1   | Killed Nergalle
 14354 | Lair:2   | Reached skill level 5 in Fighting
 14354 | Lair:2   | Reached skill level 5 in Dodging
 14671 | Lair:2   | Found a snail-covered altar of Cheibriados.
 14711 | Lair:2   | Reached **** piety under Vehumet
 15151 | Lair:3   | Found a staircase to the Shoals.
 15166 | Lair:3   | Offered knowledge of Mephitic Cloud by Vehumet.
 15944 | Lair:3   | Found a hole to the Spider Nest.
 16266 | Lair:4   | Reached XP level 13. HP: 96/96 MP: 22/28
 16517 | Lair:4   | Learned a level 8 spell: Ignition
 16790 | Lair:4   | Found a staircase to the Slime Pits.
 16791 | Lair:4   | Found a viscous altar of Jiyva.
 17167 | Lair:4   | Noticed a fire dragon
 17179 | Lair:4   | Learned a level 7 spell: Orb of Destruction
 17350 | Lair:4   | Killed a fire dragon
 17487 | Lair:5   | Entered Level 5 of the Lair of Beasts
 17798 | Lair:5   | Reached ***** piety under Vehumet
 17811 | Lair:5   | Offered knowledge of Flame Wave by Vehumet.
 18678 | Lair:5   | Identified the +1 chain mail of Monotheism {Rampage Fly
                  | Will- Dex+2}
 19388 | D:12     | Reached XP level 14. HP: 106/106 MP: 22/29
 19553 | D:12     | Found a staircase to the Orcish Mines.
 19875 | Orc:1    | Entered Level 1 of the Orcish Mines
 19893 | Orc:1    | Offered knowledge of Arcjolt by Vehumet.
 19894 | Orc:1    | Noticed an orc warlord
 20579 | D:12     | Killed an orc warlord
 21275 | Orc:2    | Entered Level 2 of the Orcish Mines
 21279 | Orc:2    | Noticed an orc warlord
 21359 | Orc:1    | Killed an orc warlord
 21467 | Orc:1    | HP: 1/108 [orc knight/+1 broad axe (25)]
 22251 | Orc:2    | Found Emij Na Jiru's Jewellery Emporium.
 22258 | Orc:2    | Bought an amulet of regeneration for 390 gold pieces
 22258 | Orc:2    | Bought a ring of wizardry for 390 gold pieces
 22487 | Orc:2    | Found Tuetwid's General Store.
 22587 | Orc:2    | Bought the ring "Jarasej" {Wiz Int+2} for 412 gold pieces
 22611 | Orc:2    | Found Ramnuamu's Antique Weapon Shoppe.
 22739 | Orc:2    | Found Osoufyla's Antique Armour Emporium.
 22749 | Orc:2    | Found a staircase to the Elven Halls.
 22752 | Orc:2    | Bought a faintly glowing cloak for 237 gold pieces
 22752 | Orc:2    | Identified the +4 cloak of the Twenty Songs {*Slow rElec
                  | Int+4} (You bought it in a shop on level 2 of the Orcish
                  | Mines)
 22979 | Orc:2    | Noticed Donald
 22984 | Orc:2    | Killed Donald
 23145 | Orc:1    | Noticed an orc warlord
 23151 | Orc:1    | Killed an orc warlord
 23208 | Orc:1    | Offered knowledge of Lightning Bolt by Vehumet.
 23354 | Orc:1    | Reached skill level 10 in Fighting
 23567 | D:13     | Noticed Sonja
 23569 | D:13     | Killed Sonja
 23960 | D:13     | Noticed a sphinx
 24131 | D:13     | Paralysed by a sphinx for 5 turns
 24138 | D:13     | Paralysed by a sphinx for 4 turns
 24144 | D:13     | Killed a sphinx
 24145 | D:13     | Reached XP level 15. HP: 68/115 MP: 4/31
 24321 | D:13     | Noticed a fire giant
 24326 | D:13     | Killed a fire giant
 24986 | D:13     | Noticed Frances
 24989 | D:13     | Killed Frances
 25294 | D:14     | Reached skill level 10 in Dodging
 25341 | D:14     | Found a gate to the Vaults.
 25576 | D:14     | Offered knowledge of Irradiate by Vehumet.
 25576 | D:14     | Noticed Lodul
 25580 | D:14     | Killed Lodul
 26002 | D:15     | Entered Level 15 of the Dungeon
 26326 | D:15     | Reached skill level 12 in Conjurations
 26363 | D:15     | Noticed Agnes
 26367 | D:15     | Killed Agnes
 26473 | D:15     | Reached skill level 15 in Fire Magic
 27401 | D:15     | Found a staircase to the Depths.
 27888 | Spider:1 | Entered Level 1 of the Spider Nest
 28190 | Spider:1 | Gained mutation: You have an extremely huge brain. (Int +4)
                  | [demonic ancestry]
 28190 | Spider:1 | Reached XP level 16. HP: 125/125 MP: 28/33
 28679 | Spider:1 | Reached ****** piety under Vehumet
 28818 | Spider:1 | Offered knowledge of Freezing Cloud by Vehumet.
 28830 | Spider:1 | Learned a level 5 spell: Freezing Cloud
 29123 | Spider:2 | Reached skill level 13 in Conjurations
 29243 | Spider:1 | Gained mutation: Your magical capacity is low. (-10% MP)
                  | [mutagenic glow]
 29256 | Spider:1 | Gained mutation: You expend magic power (3 MP) to
                  | strengthen your wands. [mutagenic glow]
 31029 | Spider:3 | Offered knowledge of Lee's Rapid Deconstruction by Vehumet.
 31512 | Spider:3 | Reached skill level 14 in Conjurations
 32428 | Spider:4 | Entered Level 4 of the Spider Nest
 32435 | Spider:4 | Reached XP level 17. HP: 131/131 MP: 15/32
 32561 | Spider:4 | Noticed Mara
 32906 | Spider:4 | Reached skill level 15 in Spellcasting
 32964 | Spider:4 | Offered knowledge of Lehudib's Crystal Spear by Vehumet.
 32977 | Spider:3 | Learned a level 8 spell: Lehudib's Crystal Spear
 32999 | Spider:4 | Reached skill level 1 in Earth Magic
 33084 | Spider:4 | Noticed teamwork's illusion
 33086 | Spider:4 | Killed Mara
 33856 | Orc:2    | Bought a ring of see invisible for 195 gold pieces
 34108 | Spider:4 | Lost mutation: Your magical capacity is low. (-10% MP)
                  | [potion of mutation]
 34108 | Spider:4 | Lost mutation: You expend magic power (3 MP) to strengthen
                  | your wands. [potion of mutation]
 34108 | Spider:4 | Gained mutation: You are frail. (-10% HP) [potion of
                  | mutation]
 34108 | Spider:4 | Gained mutation: Your spells are a little harder to cast,
                  | but a little more powerful. [potion of mutation]
 34108 | Spider:4 | Gained mutation: You are agile. (Dex +4, Str/Int -1)
                  | [potion of mutation]
 34109 | Spider:4 | Lost mutation: You are frail. (-10% HP) [potion of
                  | mutation]
 34109 | Spider:4 | Lost mutation: You are agile. (Dex +4, Str/Int -1) [potion
                  | of mutation]
 34109 | Spider:4 | Gained mutation: Your body sometimes deteriorates upon
                  | taking damage. [potion of mutation]
 34109 | Spider:4 | Gained mutation: You have large cloven feet. [potion of
                  | mutation]
 34110 | Spider:4 | Lost mutation: Your spells are a little harder to cast, but
                  | a little more powerful. [potion of mutation]
 34110 | Spider:4 | Lost mutation: You have large cloven feet. [potion of
                  | mutation]
 34110 | Spider:4 | Lost mutation: Your body sometimes deteriorates upon taking
                  | damage. [potion of mutation]
 34110 | Spider:4 | Gained mutation: You are somewhat resistant to further
                  | mutation. [potion of mutation]
 34175 | Spider:4 | Reached skill level 5 in Earth Magic
 34990 | Spider:4 | Got a gossamer rune of Zot
 35158 | Shoals:1 | Entered Level 1 of the Shoals
 36148 | Orc:2    | Bought a ring of flight for 227 gold pieces
 36766 | Shoals:2 | Noticed Ilsuiw
 36829 | Shoals:2 | Killed Ilsuiw
 37033 | Shoals:2 | Offered knowledge of Fire Storm by Vehumet.
 37033 | Shoals:2 | Offered knowledge of Shatter by Vehumet.
 37033 | Shoals:2 | Offered knowledge of Maxwell's Capacitive Coupling by
                  | Vehumet.
 37038 | Shoals:2 | Reached skill level 10 in Earth Magic
 37038 | Shoals:2 | Gained mutation: You have an absolutely massive brain. (Int
                  | +6, Wiz) [demonic ancestry]
 37038 | Shoals:2 | Reached XP level 18. HP: 129/138 MP: 22/37
 37049 | Shoals:2 | Learned a level 9 spell: Fire Storm
 38038 | Shoals:3 | Found a runed translucent gate.
 38098 | Shoals:3 | Found a runed translucent gate.
 38099 | Shoals:3 | Found a runed translucent gate.
 38102 | Shoals:3 | Noticed Zonian's ghost (adept VSBr)
 38421 | Shoals:3 | Noticed Polyphemus
 38432 | Shoals:3 | Killed Polyphemus
 38945 | Shoals:4 | Entered Level 4 of the Shoals
 39083 | Shoals:4 | Reached skill level 15 in Conjurations
 39459 | Shoals:4 | Got a barnacled rune of Zot
 39597 | Shoals:3 | Killed Zonian's ghost
 40226 | Shoals:4 | Got the Directory of Enchantment
 40933 | Shoals:4 | Learned a level 4 spell: Passage of Golubria
 41152 | Elf:1    | Entered Level 1 of the Elven Halls
 41177 | Elf:1    | Reached skill level 16 in Conjurations
 41186 | Elf:1    | Reached skill level 1 in Armour
 41323 | Elf:1    | Found a crumbling gateway.
 41380 | Elf:1    | Found Taxt's Magic Scroll Shop.
 41417 | Desolati | Entered the Desolation of Salt
 41456 | Desolati | Gained mutation: A meltable icy envelope protects you from
                  | harm. (AC +0) [demonic ancestry]
 41456 | Desolati | Reached XP level 19. HP: 134/143 MP: 11/39
 41597 | Desolati | Identified the +6 longbow of Zazef {drain, rN+ Int+2}
 41701 | Desolati | Found the +3 crown of Dyrovepreva {rElec Int+2 SInv}
 41709 | Desolati | Identified the amulet "Syuliuv" {Faith Str+2}
 41757 | Desolati | Got Vatak's Information on the Comitatus and Impurities
 42008 | Desolati | Identified the +1 chain mail "Tasi" {rPois rC- Int+3 Dex+2}
 42011 | Desolati | Got the Annotations on the Phantasmal Wendigo
 42013 | Desolati | Identified the +6 plate armour of Oblivion {Regen+ Stlth+}
 42465 | Elf:1    | Identified the +3 shortbow "Hikaobb" {flame, rPois rCorr
                  | Int+6 Stlth+}
 42648 | Elf:1    | Found Raekk's Armour Shop.
 42660 | Elf:1    | Bought a scroll of acquirement for 780 gold pieces
 42661 | Elf:1    | Acquired the +3 pair of mountain boots {steadfast, rC+}
 42661 | Elf:1    | Found the +3 pair of mountain boots {steadfast, rC+}
 43510 | Elf:2    | Found an ancient bone altar of Kikubaaqudgha.
 43641 | Elf:2    | Found a huge runed translucent gate.
 43641 | Elf:2    | Found a huge runed translucent gate.
 43641 | Elf:2    | Found a huge runed translucent gate.
 43641 | Elf:2    | Found a huge runed translucent gate.
 43641 | Elf:2    | Found a huge runed translucent gate.
 43674 | Elf:2    | Found the +12 pair of quick blades "Gyre" and "Gimble"
                  | {protect}
 45183 | Vaults:1 | Entered Level 1 of the Vaults
 45242 | Vaults:1 | Reached skill level 17 in Conjurations
 45285 | Vaults:1 | Gained mutation: Your presence sometimes corrodes those you
                  | injure. [demonic ancestry]
 45285 | Vaults:1 | Reached XP level 20. HP: 137/153 MP: 24/40
 45506 | Vaults:1 | Reached skill level 5 in Armour
 46566 | Vaults:2 | Found a magical portal.
 46575 | WizLab   | Entered Eringya's Formal Garden
 47004 | WizLab   | Reached skill level 18 in Conjurations
 47154 | WizLab   | Found a blossoming altar of Fedhas.
 47677 | Vaults:2 | Found Mopp's Assorted Antiques.
 48738 | Vaults:2 | Found a staircase to the Crypt.
 48889 | Vaults:3 | Reached XP level 21. HP: 159/159 MP: 42/42
 48896 | Vaults:3 | Reached skill level 19 in Conjurations
 49099 | Vaults:3 | Killed Aizul
 49148 | Vaults:3 | Identified the +2 robe "Trusted Companion" {rElec Dex-4
                  | SInv Archmagi}
 49351 | Vaults:3 | Noticed Bai Suzhen
 49354 | Vaults:3 | Killed Bai Suzhen
 51076 | Vaults:4 | Found Resuimud's Antique Weapon Boutique.
 51586 | Vaults:4 | Noticed Mennas
 51588 | Vaults:4 | Killed Mennas
 51589 | Vaults:4 | Reached skill level 20 in Conjurations
 52389 | Elf:3    | Entered Level 3 of the Elven Halls
 52825 | Elf:3    | Found Zaskerph's Jewellery Boutique.
 52830 | Elf:3    | Bought the ring "Affoimi" {Str-4 Int+4 Dex+6} for 559 gold
                  | pieces
 52970 | Elf:3    | Reached skill level 10 in Armour
 53194 | Elf:3    | Identified the +5 falchion "Viyny" {heavy, rC+ Int+4}
 53220 | Elf:3    | Identified the +7 mace of Gloom {pain, rC+}
 53256 | Elf:3    | Identified the +9 flail "Ykemu" {drain, rN+ Str+3}
 53258 | Elf:3    | Gained mutation: A meltable icy envelope protects you from
                  | harm. (AC +0) [demonic ancestry]
 53258 | Elf:3    | Reached XP level 22. HP: 165/165 MP: 37/44
 53292 | Elf:3    | Identified the amulet "Del Ajod" {RegenMP rF+++ rCorr Dex-4
                  | Slay-4}
 53642 | Slime:1  | Entered Level 1 of the Pits of Slime
 54717 | Slime:3  | Reached skill level 1 in Air Magic
 55268 | Slime:5  | Entered Level 5 of the Pits of Slime
 55433 | Slime:5  | Noticed the Royal Jelly
 55436 | Slime:5  | Killed the Royal Jelly
 55437 | Slime:5  | Reached skill level 5 in Air Magic
 55691 | Slime:5  | Identified the ring "Xiuv" {rC+ rCorr Str+5 Int-4 Stlth+}
 55694 | Slime:5  | Identified the +2 war axe "Ynylear" {vamp, rC- Int+6}
 55710 | Slime:5  | Identified the amulet "Bizoid" {Faith rPois rCorr Dex+6
                  | Stlth+}
 55712 | Slime:5  | Got a slimy rune of Zot
 55739 | Slime:5  | Identified the +10 morningstar of the Orcish Mines {flame,
                  | Dex+3}
 55743 | Slime:5  | Identified the +6 morningstar "Fealis" {freeze, Will+
                  | Int+4}
 55782 | Slime:5  | Identified the amulet of Vaipt {Faith Will++ Str-2 Dex+2
                  | SInv}
 55786 | Slime:5  | Identified the +8 great sword of Summer {drain, Fly rC-
                  | rN+++ Stlth-}
 55788 | Slime:5  | Identified the ring of Abeufow {rN++ Str-2 Int+6 Stlth+}
 56399 | Vaults:5 | Entered Level 5 of the Vaults
 56401 | Vaults:5 | Reached skill level 15 in Earth Magic
 56417 | Vaults:5 | Killed a golden dragon
 56428 | Vaults:5 | Noticed a dread lich
 56430 | Vaults:5 | Killed a dread lich
 56501 | Vaults:5 | Gained mutation: Your presence sometimes corrodes or
                  | deforms those you injure. [demonic ancestry]
 56501 | Vaults:5 | Reached XP level 23. HP: 149/171 MP: 22/45
 56518 | Vaults:5 | Noticed an ancient lich
 56520 | Vaults:5 | Killed an ancient lich
 57036 | Vaults:5 | Got a silver rune of Zot
 57146 | Vaults:5 | Noticed a dread lich
 57207 | Vaults:5 | Killed a dread lich
 57523 | Vaults:5 | Reached skill level 10 in Air Magic
 57902 | Vaults:5 | Found Uzirph's Antique Weapon Boutique.
 58193 | Vaults:5 | Learned a level 8 spell: Maxwell's Capacitive Coupling
 58370 | Vaults:5 | Found Sagun's Distillery.
 58373 | Vaults:5 | Found Uxymoato's Jewellery Shoppe.
 58381 | Vaults:5 | Bought the ring "Korubuog" {+Blink rF+ Str+3 Int+3} for 516
                  | gold pieces
 58409 | Vaults:5 | Found Qegama's Magic Scroll Shop.
 58415 | Vaults:5 | Bought a scroll of acquirement for 832 gold pieces
 58490 | Vaults:5 | Found Joawuff's Distillery.
 58576 | Vaults:5 | Identified the +1 buckler of Ygakh {Harm +Blink Will-
                  | Int+6}
 58699 | Vaults:5 | Acquired a book of Annihilations
 58711 | Vaults:5 | Learned a level 9 spell: Chain Lightning
 58723 | Vaults:5 | Learned a level 8 spell: Necromutation
 58847 | Crypt:1  | Entered Level 1 of the Crypt
 58878 | Crypt:1  | Reached skill level 1 in Necromancy
 58888 | Crypt:1  | Reached skill level 1 in Transmutations
 58942 | Crypt:1  | Reached skill level 1 in Shields
 60597 | Crypt:2  | Reached XP level 24. HP: 178/178 MP: 25/45
 60704 | Crypt:2  | Noticed Margery
 60710 | Crypt:2  | Killed Margery
 60711 | Crypt:2  | Reached skill level 5 in Necromancy
 61093 | Crypt:3  | Entered Level 3 of the Crypt
 61242 | Crypt:3  | Noticed Vv
 61245 | Crypt:3  | Killed Vv
 61327 | Crypt:3  | Noticed Zogul's ghost (veteran MiGl)
 61348 | Crypt:3  | Found a transporter.
 61388 | Crypt:3  | Found a transporter.
 61436 | Crypt:3  | Noticed Boris
 61437 | Crypt:3  | Killed Boris
 61437 | Crypt:3  | Noticed Khufu
 61439 | Crypt:3  | Reached skill level 5 in Shields
 61439 | Crypt:3  | Reached skill level 5 in Transmutations
 61443 | Crypt:3  | Killed Khufu
 61517 | Crypt:2  | Found a basalt altar of Yredelemnul.
 61574 | Crypt:3  | Noticed a royal mummy
 61576 | Crypt:3  | Killed a royal mummy
 61582 | Crypt:3  | Noticed an ancient lich
 61683 | Crypt:3  | Killed an ancient lich
 61854 | Crypt:3  | Noticed an ancient lich
 61856 | Crypt:3  | Killed an ancient lich
 62180 | Crypt:3  | Found a staircase to the Tomb.
 62311 | Crypt:3  | Noticed a dread lich
 62312 | Crypt:3  | Killed a dread lich
 62323 | Crypt:3  | Got the Information on Congealing Fever
 62324 | Crypt:3  | Identified the amulet "Piconuny" {*Slow rF++ Regen+ Str+5}
 62324 | Crypt:3  | Identified the ring "Jiloper" {rPois rN+}
 62333 | Crypt:3  | Identified the +7 great sword of Sloth {flame, Int+3 Dex-2
                  | SInv Stlth+}
 62375 | Crypt:3  | Killed Zogul's ghost
 62860 | D:6      | Killed Dittersdorf's ghost
 63057 | Depths:1 | Entered Level 1 of the Depths
 63262 | Depths:1 | Noticed Boris
 63264 | Depths:1 | Killed Boris
 63636 | Depths:1 | Found a gateway to Hell.
 63810 | Depths:1 | Found Wibbent's Antique Armour Shoppe.
 63813 | Depths:1 | Found Zaezam's Assorted Antiques.
 63813 | Depths:1 | Found Wuwol's Assorted Antiques.
 63820 | Depths:1 | Found Laicoik's Armour Emporium.
 63900 | Depths:1 | Found a shimmering blue altar of Sif Muna.
 63995 | Depths:1 | Found a portal to a secret trove of treasure.
 64324 | Depths:2 | Reached skill level 10 in Necromancy
 64420 | Depths:2 | Gained mutation: You can speak a Word of Chaos. [demonic
                  | ancestry]
 64420 | Depths:2 | Reached XP level 25. HP: 184/184 MP: 25/45
 64609 | Depths:2 | Found a one-way gate leading to the halls of Pandemonium.
 64977 | Depths:2 | Identified the +1 robe "Hero's Friend" {rF+ Regen+ rCorr
                  | Int+2 SInv}
 65008 | Depths:2 | Identified the +5 dagger of Uskayaw, Inviting {flame, rC+
                  | rN+ Str-3 Dex+6}
 65133 | Depths:3 | Noticed Parghit
 65135 | Depths:3 | Killed Parghit
 65625 | Depths:3 | Identified the ring of Virtue {Ice Str+2 Dex+5}
 65625 | Depths:3 | Noticed Josephina
 65630 | Depths:3 | Killed Josephina
 65639 | Depths:3 | Noticed a juggernaut
 65767 | Depths:3 | Found a one-way gate to the infinite horrors of the Abyss.
 65814 | Depths:3 | Found a runed translucent gate.
 65816 | Depths:3 | Found a runed translucent gate.
 65817 | Depths:3 | Found a runed translucent gate.
 65818 | Depths:3 | Noticed Zenkrye's ghost (adept HuCA)
 65875 | Depths:3 | Reached skill level 10 in Transmutations
 66184 | Depths:3 | Found a one-way gateway to a ziggurat.
 66225 | Depths:3 | Noticed Saint Roka
 66227 | Depths:3 | Killed Saint Roka
 66576 | Depths:3 | Killed a juggernaut
 66667 | Depths:3 | Killed Zenkrye's ghost
 66756 | Depths:3 | Identified the +0 helmet "Riniamp" {rF++ rN+ rCorr Int-3}
 66773 | Depths:4 | Entered Level 4 of the Depths
 66876 | Depths:4 | Reached skill level 15 in Air Magic
 67005 | Depths:4 | Found the +5 Storm Queen's Shield {shock, Fly rElec}
 67354 | Depths:4 | Found a gate to the Realm of Zot.
 68037 | Depths:4 | Voluntarily entered the Abyss.
 68244 | Abyss:3  | Found a corrupted altar of Lugonu.
 68324 | Abyss:3  | Found a corrupted altar of Lugonu.
 68421 | Abyss:3  | Gained mutation: When low on magic, you restore magic in
                  | place of health. [demonic ancestry]
 68421 | Abyss:3  | Reached XP level 26. HP: 191/191 MP: 19/45
 68421 | Abyss:3  | Found a corrupted altar of Lugonu.
 68758 | Abyss:3  | Got an abyssal rune of Zot
 68834 | Abyss:3  | Found a corrupted altar of Lugonu.
 68957 | Depths:4 | Escaped the Abyss
 69071 | Depths:1 | You showed the abyssal rune of Zot to enter a treasure
                  | trove
 69072 | Trove    | Entered a treasure trove
 69079 | Trove    | Identified the ring "Picoryzu" {EV+5 Str+3}
 69089 | Trove    | Identified the amulet of Cama {RegenMP rElec Regen+ Int-2
                  | Dex+6 Slay+3}
 69099 | Trove    | Identified the ring of Utistrue {rCorr Int+4 Dex-3}
 69101 | Trove    | Identified the ring of Utastiatic {rCorr Str+2 Int+2 SInv}
 69236 | Zot:1    | Entered Level 1 of the Realm of Zot
 70212 | Zot:2    | Reached skill level 1 in Throwing
 70212 | Zot:2    | Reached skill level 1 in Evocations
 70765 | Zot:2    | Reached skill level 5 in Evocations
 71093 | Zot:3    | Reached skill level 5 in Throwing
 71300 | Zot:3    | Identified the ring of the Screaming Saviour {rC+ MP+9
                  | Int+3}
 71301 | Zot:3    | Found a radiant altar of Vehumet.
 71304 | Zot:3    | Found a transporter.
 71564 | Zot:3    | Noticed an ancient lich
 71657 | Zot:3    | Noticed an orb of fire
 71662 | Zot:3    | Killed an orb of fire
 71664 | Zot:3    | Reached XP level 27. HP: 63/197 MP: 20/45
 71879 | Zot:3    | Killed an ancient lich
 71963 | Zot:3    | Found a transporter.
 72185 | Zot:4    | Reached skill level 10 in Evocations
 72785 | Zot:4    | Reached skill level 10 in Throwing
 73049 | Zot:5    | Entered Level 5 of the Realm of Zot
 73336 | Zot:5    | Noticed a dread lich
 73338 | Zot:5    | Killed a dread lich
 73402 | Zot:5    | Noticed an ancient lich
 73586 | Zot:5    | Noticed an orb of fire
 73590 | Zot:5    | Killed an orb of fire
 73633 | Zot:5    | Killed an ancient lich
 73641 | Zot:5    | Reached skill level 21 in Conjurations
 73672 | Zot:5    | Noticed an ancient lich
 73674 | Zot:5    | Killed an ancient lich
 73675 | Zot:5    | Noticed an ancient lich
 73677 | Zot:5    | Killed an ancient lich
 73688 | Zot:5    | Reached skill level 22 in Conjurations
 73703 | Zot:5    | Noticed an orb of fire
 73707 | Zot:5    | Killed an orb of fire
 73715 | Zot:5    | Identified the +8 flail of Cheibriados {drain, Str+5} (You
                  | took it off a black draconian on level 5 of the Realm of
                  | Zot)
 73862 | Zot:5    | Reached skill level 23 in Conjurations
 74521 | Tomb:1   | Entered Level 1 of the Tomb of the Ancients
 74790 | Tomb:1   | Noticed a royal mummy
 74791 | Tomb:1   | Killed a royal mummy
 74798 | Tomb:1   | Noticed a royal mummy
 74801 | Tomb:1   | Killed a royal mummy
 75006 | Tomb:1   | Identified the +0 scale mail of the Gloaming {rC+}
 75060 | Tomb:1   | Reached skill level 24 in Conjurations
 75324 | Tomb:2   | Noticed a royal mummy
 75324 | Tomb:2   | Noticed a royal mummy
 75324 | Tomb:2   | Noticed a royal mummy
 75325 | Tomb:2   | Noticed a royal mummy
 75331 | Tomb:2   | Killed a royal mummy
 75331 | Tomb:2   | Killed a royal mummy
 75331 | Tomb:2   | Noticed a royal mummy
 75332 | Tomb:2   | Killed a royal mummy
 75332 | Tomb:2   | Killed a royal mummy
 75336 | Tomb:2   | Killed a royal mummy
 75769 | Tomb:2   | Reached skill level 25 in Conjurations
 75821 | Tomb:1   | Noticed a royal mummy
 75821 | Tomb:1   | Noticed a royal mummy
 75821 | Tomb:1   | Noticed a royal mummy
 75823 | Tomb:1   | Killed a royal mummy
 75823 | Tomb:1   | Killed a royal mummy
 75824 | Tomb:1   | Killed a royal mummy
 75828 | Tomb:1   | Noticed a royal mummy
 75828 | Tomb:1   | Noticed a royal mummy
 75830 | Tomb:1   | Killed a royal mummy
 75830 | Tomb:1   | Killed a royal mummy
 75866 | Tomb:1   | Noticed a royal mummy
 75868 | Tomb:1   | Killed a royal mummy
 75895 | Tomb:1   | Noticed a royal mummy
 75898 | Tomb:1   | Killed a royal mummy
 75936 | Tomb:1   | Noticed a royal mummy
 75939 | Tomb:1   | Killed a royal mummy
 76005 | Tomb:1   | Noticed a royal mummy
 76007 | Tomb:1   | Killed a royal mummy
 76010 | Tomb:1   | Noticed a royal mummy
 76012 | Tomb:1   | Killed a royal mummy
 76015 | Tomb:1   | Noticed a royal mummy
 76016 | Tomb:1   | Killed a royal mummy
 76047 | Tomb:1   | Noticed a royal mummy
 76050 | Tomb:1   | Killed a royal mummy
 76050 | Tomb:1   | Killed a royal mummy
 76051 | Tomb:1   | Reached skill level 26 in Conjurations
 76222 | Tomb:3   | Entered Level 3 of the Tomb of the Ancients
 76238 | Tomb:3   | Noticed a royal mummy
 76240 | Tomb:3   | Killed a royal mummy
 76241 | Tomb:3   | Reached skill level 27 in Conjurations
 76244 | Tomb:3   | Noticed a royal mummy
 76245 | Tomb:3   | Killed a royal mummy
 76250 | Tomb:3   | Noticed a royal mummy
 76252 | Tomb:3   | Killed a royal mummy
 76252 | Tomb:3   | Noticed a royal mummy
 76255 | Tomb:3   | Killed a royal mummy
 76284 | Tomb:3   | Noticed a royal mummy
 76286 | Tomb:3   | Killed a royal mummy
 76288 | Tomb:3   | Noticed a royal mummy
 76292 | Tomb:3   | Killed a royal mummy
 76329 | Tomb:3   | Noticed a royal mummy
 76331 | Tomb:3   | Killed a royal mummy
 76337 | Tomb:3   | Noticed a royal mummy
 76338 | Tomb:3   | Killed a royal mummy
 76421 | Tomb:3   | Identified the +3 eveningstar of the Ecumenical Temple
                  | {freeze, rF- Str+2 Int+4}
 76559 | Tomb:3   | Found the ring of the Mage {Wiz Archmagi}
 76591 | Tomb:3   | Identified the +6 dagger of Res Nullius {freeze, rF+ rN+
                  | Stlth+}
 76592 | Tomb:3   | Identified the +8 sling of Ciraonym {freeze, rF+ Dex+3}
 76608 | Tomb:3   | Identified the +3 morningstar of the Wasteland {vamp, rF+
                  | Dex+7}
 76610 | Tomb:3   | Identified the +2 robe of Good Intentions {rPois Int+4}
 76647 | Tomb:3   | Got the Almanac of the Immovable Xalams
 76655 | Tomb:3   | Identified the +3 spear of Emaihucw {spect, Int+4}
 76695 | Tomb:3   | Identified the +5 ring mail of Xaolex {+Inv Will+ Str+4
                  | Slay+2}
 76706 | Tomb:3   | Got a golden rune of Zot
 77432 | Zig:1    | Entered Level 1 of a ziggurat
 77454 | Zig:2    | Entered Level 2 of a ziggurat
 77455 | Zig:2    | Found the +16 obsidian axe {drain, demonic, Mesm Drain Fly
                  | SInv}
 77472 | Zig:3    | Entered Level 3 of a ziggurat
 77502 | Zig:4    | Entered Level 4 of a ziggurat
 77518 | Zig:4    | Identified the +2 dagger of Kiugaenu {drain, Fragile Int+4}
 77526 | Zig:5    | Entered Level 5 of a ziggurat
 77532 | Zig:5    | Noticed Wioniac the pandemonium lord
 77533 | Zig:5    | Killed Wioniac the pandemonium lord
 77547 | Zig:5    | Identified the +0 morningstar "Okhlaubuf" {flame, Will+}
 77566 | Zig:6    | Entered Level 6 of a ziggurat
 77570 | Zig:6    | Noticed Etritture the pandemonium lord
 77572 | Zig:6    | Killed Etritture the pandemonium lord
 77654 | Zig:7    | Entered Level 7 of a ziggurat
 77661 | Zig:7    | Found the amulet of Vitality {RegenMP++ Regen++}
 77681 | Zig:7    | Identified the +9 halberd "Geof" {heavy, rCorr}
 77692 | Zig:7    | Got Qouwnofel's Parchment of Spectres
 77697 | Zig:8    | Entered Level 8 of a ziggurat
 77719 | Zig:8    | Identified the amulet "Woaciotu" {RegenMP Str+4 Stlth+}
 77726 | Zig:8    | Identified the +3 great mace of Zomio {elec, +Blink rElec
                  | rPois Dex-5}
 77770 | Zig:9    | Entered Level 9 of a ziggurat
 77827 | Zig:10   | Entered Level 10 of a ziggurat
 77835 | Zig:10   | Noticed a juggernaut
 77840 | Zig:10   | Noticed a juggernaut
 77843 | Zig:10   | Killed a juggernaut
 77877 | Zig:10   | Identified the ring of Pegahinn {rF+ Dex+2}
 77884 | Zig:11   | Entered Level 11 of a ziggurat
 77894 | Zig:11   | Noticed a royal mummy
 77894 | Zig:11   | Noticed a royal mummy
 77896 | Zig:11   | Killed a royal mummy
 77896 | Zig:11   | Killed a royal mummy
 77896 | Zig:11   | Killed a royal mummy
 77953 | Zig:12   | Entered Level 12 of a ziggurat
 77980 | Zig:12   | Found the +8 storm bow {elec, penet}
 77990 | Zig:12   | Identified the +2 mace of Twilight {flame, rElec rF+++ rC-
                  | Int-3}
 78007 | Zig:12   | Identified the amulet of Weroje {Regen+ MP-9 Int+5}
 78038 | Zig:13   | Entered Level 13 of a ziggurat
 78082 | Zig:13   | Got Xuchobli's Papyrus of Algid Breccia
 78085 | Zig:13   | Identified the +7 flail of Queng {heavy, Int+2 Dex+2}
 78136 | Zig:14   | Entered Level 14 of a ziggurat
 78149 | Zig:14   | Noticed a juggernaut
 78149 | Zig:14   | Noticed a juggernaut
 78150 | Zig:14   | Noticed a juggernaut
 78151 | Zig:14   | Killed a juggernaut
 78152 | Zig:14   | Killed a juggernaut
 78152 | Zig:14   | Killed a juggernaut
 78156 | Zig:14   | Reached skill level 15 in Necromancy
 78254 | Zig:15   | Entered Level 15 of a ziggurat
 78304 | Zig:15   | Identified the +1 dagger "Xefomo" {flame, Str+3}
 78320 | Zig:15   | Got Sif Muna's Compilation of the Unified Compass
 78362 | Zig:16   | Entered Level 16 of a ziggurat
 78378 | Zig:16   | Noticed Soinoen the pandemonium lord
 78378 | Zig:16   | Noticed Tusohot the pandemonium lord
 78378 | Zig:16   | Noticed Hienun the pandemonium lord
 78378 | Zig:16   | Noticed Rilup the pandemonium lord
 78380 | Zig:16   | Noticed Kythreenn the pandemonium lord
 78383 | Zig:16   | Noticed Equeh the pandemonium lord
 78387 | Zig:16   | Noticed Pajicvayfo the pandemonium lord
 78390 | Zig:16   | Noticed Plog the pandemonium lord
 78392 | Zig:16   | Noticed Okhaj the pandemonium lord
 78392 | Zig:16   | HP: 9/197 [Hienun the pandemonium lord (3)]
 78392 | Zig:16   | Noticed Hyxunk the pandemonium lord
 78392 | Zig:16   | HP: 2/197 [hell beast[Tusohot] (7)]
 78393 | Zig:16   | Killed from afar by Equeh the pandemonium lord

Illustrated notes

Levels and vault maps discovered:
D:1:      dpeg_arrival_connections, layout_basic, serial_aquarium,
          aquarium_bridge_square [aquarium_subvault_bridge,
          aquarium_subvault_window, aquarium_subvault_balcony,
          aquarium_subvault_bridge], aquarium_window_corner,
          aquarium_window_corridor_3, aquarium_window_1, aquarium_window_2,
          aquarium_view_2d, aquarium_view_2a, aquarium_pool_four,
          minmay_statues_item, grunt_decor_arrowhead
D:2:      layout_rooms, serial_shops, shop, hangedman_abyss_or_decor_stabs,
          uniq_natasha, uniq_terence
D:3:      layout_rooms, serial_shops, nicolae_shop_trees,
          hellmonk_ecumenical_altar_heavens_door
D:4:      layout_layer_cave, serial_undead, serial_undead_c, serial_undead_e,
          serial_undead_f, serial_undead_b
D:5:      layout_loops_ring, zin_scriptorium, minmay_temple_entry_proselytizer,
          gup_sewer_entry_pipe
D:6:      layout_gridville, ebering_ghost_rock_garden, guppyfry_shop_venom
D:7:      layout_layer_cave, trog_three_pillars_becter, uniq_duvessa, uniq_pikel
D:8:      layout_basic
D:9:      layout_layer_cave, lair_entry_dummy, nicolae_shop_vocational,
          uniq_erolcha
D:10:     layout_rooms, demons_altar
D:11:     layout_rooms, portal_ice_cave_rime, uniq_maurice
D:12:     layout_irregular_city, erik_orc_4
D:13:     thingy_vault, layout_stronghold, uniq_sonja, uniq_frances
D:14:     layout_irregular_city, david_vaults_5,
          hangedman_decor_clover_reticule, fungi_pond_lemuel, uniq_lodul
D:15:     grunt_enter_depths_hoard, layout_basic, hangedman_decor_peaks_small,
          library_closet, onia_ninara_cookie, uniq_agnes
Temple:   nicolae_temple_bog_church
Lair:1:   layout_regular_city, minmay_lair_oklob_bushes, uniq_nergalle
Lair:2:   layout_chaotic_city, kennysheep_snail_temple, grunt_megastairs_3,
          serial_bayou_shore_a
Lair:3:   layout_chaotic_city, elwin_shoals_entry_rocks, spider_nest_entry_a,
          infiniplex_staircase_pool_2, grunt_megastairs_2
Lair:4:   dragon1_lemuel, layout_regular_city, minmay_slime_entry_pillars
Lair:5:   minmay_lair_end_enchanted_forest, layout_cellular_growth,
          infiniplex_staircase_pool
Shoals:1: layout_shoals
Shoals:2: layout_shoals, st_shoals_ruin, uniq_ilsuiw
Shoals:3: layout_shoals, gammafunk_ghost_necromancy, uniq_polyphemus
Shoals:4: shoals_end_grunt_ice, layout_shoals, nicolae_shoals_goliath_grotto
Spider:1: layout_spider_delve
Spider:2: layout_spider_delve
Spider:3: layout_chambers
Spider:4: grunt_spider_rune_circles, nicolae_spider_checkerboard, uniq_mara
Slime:1:  layout_caves, nicolae_slime_barrier
Slime:2:  layout_caves
Slime:3:  layout_caves
Slime:4:  layout_caves, nicolae_slime_round_cave
Slime:5
Orc:1:    layout_caves, basic_altar, minmay_orc_barracks
Orc:2:    grunt_orc_gardens, layout_caves, grunt_orc_garden, grunt_orc_garden,
          grunt_orc_garden, grunt_orc_garden, mines_bat_river, uniq_donald
Elf:1:    elf_arrival_002, layout_onion_city, portal_desolation_entry_garden,
          kennysheep_underground_church, minmay_shop_star
Elf:2:    elven_hall_of_blades_hangedman_alternative [nicolae_blade_bullseye],
          layout_loops_corners, basic_altar,
          hellmonk_guarded_unrand_gyre_and_gimble
Elf:3:    minmay_elf_hall, layout_geoelf_grid, serial_shops, shop
Vaults:1: v_misc_15, v_misc_5, nicolae_vaults_three_branches,
          nicolae_vaults_specimen_jars, v_misc_27,
          nicolae_vaults_little_squares_6, v_misc_32,
          vaults_mumra_minichess_inversion, vaults_standard_mumra_lines,
          v_misc_14, nicolae_vaults_gold_heap, ontoclasm_vaults_ring_square,
          layout_vaults_maze
Vaults:2: mu_enter_wizlab_6, grunt_vaults_twisty, v_misc_18,
          nicolae_vaults_little_squares_6, v_rooms_4,
          minmay_crypt_entry_simple_walls, vaults_dpeg_doors,
          ontoclasm_vaults_eye, nicolae_vaults_ring_of_whatevers,
          vaults_dpeg_emergency_exit, hangedman_vaults_restitches,
          layout_vaults_omnigrid, serial_shops, shop
Vaults:3: nicolae_vaults_puzzle_piece, v_misc_4, dpeg_vaults_monster_box,
          vaults_room_hallway, vaults_room_hallway, grunt_vaults_swirl,
          nicolae_vaults_diagonal_hallway_7, hangedman_vaults_variations,
          nicolae_vaults_twisting_passages, vaults_dpeg_diagonal,
          ontoclasm_vaults_tryst, nicolae_vaults_statue_guard,
          layout_vaults_omnibox, uniq_aizul, uniq_bai_suzhen
Vaults:4: hangedman_vaults_snaps, nicolae_vaults_triangles,
          vaults_standard_mumra_x, hangedman_vaults_cutoff,
          nicolae_vaults_windows_and_doors_thing,
          nicolae_vaults_little_squares_3, vaults_mumra_hexcomb,
          nicolae_vaults_rhombus_6, ontoclasm_vaults_twist,
          vaults_dpeg_encased_lava, layout_vaults_big_room, serial_shops, shop,
          uniq_mennas
Vaults:5
Crypt:1:  layout_gridlike, grunt_ministairs_2, nicolae_crypt_ancient_font
Crypt:2:  layout_misc_corridors, nicolae_crypt_stairs_room, chequers_big_river,
          lemuel_upstairs_altar, uniq_margery
Crypt:3:  david_glass_crypt, layout_misc_corridors, gammafunk_ghost_mausoleum,
          nicolae_crypt_cryptocurrency, uniq_khufu, uniq_boris, uniq_vv
Tomb:1
Tomb:2
Tomb:3
Depths:1: layout_roguey, nicolae_trove_entry_diagonal, serial_glass,
          glass_columns_a, glass_columns_a, grunt_hell_horde,
          grunt_ministairs_1, minmay_misc_feat_four_crosses,
          nicolae_sif_muna_little_library, minmay_shoptagon
Depths:2: minmay_octo_star, layout_basic, pan_entry, hell_entry,
          roderic_serpentine_path
Depths:3: cheibrodos_spurs, layout_basic, enter_ziggurat_e,
          hangedman_coc_ice_floe, abyss_entry, serial_bayou_pond_a,
          gammafunk_ghost_split, kennysheep_generic_room_8, uniq_saint_roka,
          uniq_josephina, uniq_parghit
Depths:4: grunt_zot_entry_funnels, layout_cave_pools, grunt_hell_entry_dis_mu,
          hangedman_decor_riveting, abyss_entry, grunt_pan_entry_zigzag
Zot:1:    layout_gridlike, bh_zot_levy_curve, lemuel_golem_globe
Zot:2:    layout_gridlike, st_large_dragon_hoard_3
Zot:3:    gammafunk_sealed_library, layout_gridlike, lemuel_baited_zot_trap
Zot:4:    layout_basic, grunt_ministairs_3, st_small_dragon_hoard_1
Zot:5:    layout_misc_corridors
Zig:16

Skill      XL: |  1  2  3  4  5  6  7  8  9 10 11 12 13 14 15 16 17 18 19 20 21 22 23 24 25 26 27 |
---------------+----------------------------------------------------------------------------------+-----
Spellcasting   | 3 4 5 6 7 9 11 12 13 14 15 16 17 18 23 | 23.0
Conjurations   | 5 6 7 8 10 11 12 14 16 17 18 20 27 | 27.0
Fire Magic     | 2 3 4 6 8 9 11 13 14 15 16 17 18 | 18.0
Fighting       | 2 7 8 10 11 12 | 12.0
Dodging        | 2 6 8 9 10 11 12 | 12.0
Earth Magic    | 10 11 12 16 18 | 18.0
Armour         | 1 4 7 11 12 | 12.0
Air Magic      | 8 11 13 15 18 | 18.0
Necromancy     | 4 10 13 14 16 | 16.5
Transmutations | 3 8 11 12 | 12.0
Shields        | 3 5 |  5.0
Throwing       | 7 10 | 10.0
Evocations     | 7 12 | 12.0
Stealth        | |  1.7

Action                     |  1- 3 |  4- 6 |  7- 9 | 10-12 | 13-15 | 16-18 | 19-21 | 22-24 | 25-27 || total
---------------------------+-------+-------+-------+-------+-------+-------+-------+-------+-------++-------
  Melee: Short sword       |    17 |     7 |       |     6 |    34 |    75 |       |       |       ||   139
         Unarmed           |     9 |       |       |       |       |       |       |       |       ||     9
         Touch             |       |     2 |       |     2 |     5 |    18 |     1 |       |       ||    28
         Punch             |       |       |       |       |     1 |     4 |       |       |       ||     5
         Staff             |       |       |       |       |       |     2 |     9 |       |    12 ||    23
  Throw: Throwing net      |       |       |       |     1 |       |       |       |       |       ||     1
   Cast: Magic Dart        |    14 |     2 |     1 |     4 |       |       |       |       |       ||    21
         Searing Ray       |    13 |    46 |    97 |    21 |       |       |       |       |       ||   177
         Fireball          |       |       |    17 |   209 |   454 |   490 |     3 |     1 |       ||  1174
         Orb of Destructio |       |       |       |       |    67 |    39 |       |       |       ||   106
         Ignition          |       |       |       |       |    23 |    73 |     1 |    21 |    23 ||   141
         Lehudib's Crystal |       |       |       |       |       |    20 |    90 |    35 |    64 ||   209
         Fire Storm        |       |       |       |       |       |     1 |   248 |   336 |   583 ||  1168
         Chain Lightning   |       |       |       |       |       |       |       |       |    69 ||    69
         Necromutation     |       |       |       |       |       |       |       |       |    61 ||    61
Ability: End Transformatio |       |       |       |       |       |       |       |       |     8 ||     8
  Evoke: Wand              |       |       |       |     3 |     8 |     9 |       |       |       ||    20
    Use: Potion            |     1 |       |     1 |     5 |     5 |    12 |     5 |     7 |    12 ||    48
         Scroll            |       |       |     5 |     6 |    20 |     8 |     5 |     4 |     4 ||    52
   Stab: Paralysed         |       |       |       |       |       |     1 |       |       |       ||     1
         Invisible         |       |       |       |       |       |     2 |       |       |       ||     2
         Petrifying        |       |       |       |       |       |       |       |       |     1 ||     1
         Petrified         |       |       |       |       |       |       |       |       |     1 ||     1
 Armour: Robe              |     8 |     9 |    16 |    29 |    43 |   136 |    30 |    30 |    62 ||   363
         Skin              |       |       |     1 |       |       |       |       |       |       ||     1
  Dodge: Dodged            |    37 |    35 |   118 |   105 |   143 |   244 |    65 |    31 |    94 ||   872
  Block: Other             |       |       |       |    10 |    36 |    45 |     7 |     2 |       ||   100
         Buckler           |       |       |       |       |       |       |       |     5 |    65 ||    70

Table legend: (Time is in decaauts)
 A = Elapsed time spent in this place.
 B = Non-inter-level travel time spent in this place.
 C = Inter-level travel time spent in this place.
 D = Time resting spent in this place.
 E = Time spent auto-exploring this place.
 F = Levels seen in this place.
 G = Mean time per level.
                   A        B        C        D        E       F      G
               +--------+--------+--------+--------+--------+-----+--------+
         Total |  78936 |  70374 |   8562 |    686 |  58577 |  82 |  962.6 |
       Dungeon |  19313 |  16864 |   2449 |     47 |  14502 |  15 | 1287.5 |
        Temple |    198 |    197 |      1 |      0 |    158 |   1 |  198.0 |
          Lair |   6978 |   5852 |   1126 |      0 |   5114 |   5 | 1395.6 |
        Shoals |   5583 |   5291 |    292 |    170 |   4404 |   4 | 1395.8 |
   Spider Nest |   7041 |   6179 |    862 |     66 |   5095 |   4 | 1760.2 |
    Slime Pits |   2474 |   2318 |    156 |    136 |   1914 |   5 |  494.8 |
  Orcish Mines |   3067 |   2677 |    390 |      0 |   2218 |   2 | 1533.5 |
   Elven Halls |   4095 |   3753 |    342 |      0 |   3312 |   3 | 1365.0 |
        Vaults |   8322 |   7121 |   1201 |    253 |   5919 |   5 | 1664.4 |
         Crypt |   3867 |   3524 |    343 |      0 |   3021 |   3 | 1289.0 |
          Tomb |   2466 |   2246 |    220 |     14 |   1604 |   3 |  822.0 |
        Depths |   5377 |   4781 |    596 |      0 |   4070 |   4 | 1344.2 |
           Zot |   5193 |   4615 |    578 |      0 |   3959 |   5 | 1038.6 |
         Abyss |    928 |    928 |      0 |      0 |    470 |   3 |  309.3 |
      Ziggurat |    971 |    971 |      0 |      0 |    449 |  16 |   60.7 |
         Trove |     60 |     60 |      0 |      0 |     30 |   1 |   60.0 |
         Sewer |   1278 |   1278 |      0 |      0 |   1144 |   1 | 1278.0 |
        Wizlab |    788 |    788 |      0 |      0 |    629 |   1 |  788.0 |
    Desolation |    927 |    927 |      0 |      0 |    561 |   1 |  927.0 |
               +--------+--------+--------+--------+--------+-----+--------+

Top non-repeatable levels by time:
Spider:3: 2253 daAuts
Spider:1: 2235 daAuts
    D:12: 2148 daAuts
Vaults:4: 2063 daAuts
Vaults:2: 2018 daAuts
   Elf:2: 1824 daAuts
Depths:3: 1780 daAuts
Spider:4: 1746 daAuts
  Lair:3: 1652 daAuts
Shoals:3: 1588 daAuts
   Orc:2: 1568 daAuts
    D:14: 1566 daAuts
    D:15: 1526 daAuts
     D:4: 1521 daAuts
     D:9: 1515 daAuts
